 Dungeon Crawl Stone Soup version 0.27-a0-1301-g128193abf8 (webtiles) character file.

Game seed: 2719280033865685327

16 Johnny the Digger (level 2, 0/12 (16) HPs)
             Began as a Deep Elf Earth Elementalist on June 17, 2021.
             Slain by a kobold (1 damage)
             ... on level 1 of the Dungeon.
             The game lasted 00:00:30 (873 turns).

Johnny the Digger (Deep Elf Earth Elementalist)      Turns: 873, Time: 00:00:31

HP:   0/12 (16)     AC:  2    Str:  5    XL:     2   Next: 37%
MP:   7/8           EV: 12    Int: 19    God:
Gold: 7             SH:  0    Dex: 15    Spells: 6/7 levels left

rFire    . . .     SeeInvis .   a - +0 dagger
rCold    . . .     Faith    .   (no shield)
rNeg     . . .     Spirit   .   b - +0 robe
rPois    .         Reflect  .   (no helmet)
rElec    .         Harm     .   (no cloak)
rCorr    .         Rampage  .   (no gloves)
Will     .....                  (no boots)
Stlth    ++........             (no amulet)
HPRegen  0.04/turn              (no ring)
MPRegen  0.11/turn              (no ring)

@: very slightly contaminated, very heavily drained
A: no striking features
a: no special abilities


You were on level 1 of the Dungeon.
You visited 1 branch of the dungeon, and saw 1 of its levels.

You collected 7 gold pieces.

Inventory:

Hand Weapons
 a - a +0 dagger (weapon)
Missiles
 c - 57 stones
Armour
 b - a +0 robe (worn)
Scrolls
 d - 4 scrolls of blinking {unknown}
 f - a scroll of summoning {unknown}
Potions
 e - a potion of degeneration {unknown}


   Skills:
 * Level 1.1 Fighting
 - Level 2.4 Dodging
 - Level 2.4 Stealth
 + Level 3.3 Spellcasting
 - Level 1.1 Transmutations
 + Level 3.5 Earth Magic


You had 6 spell levels left.
You knew the following spells:

 Your Spells              Type           Power      Damage    Failure   Level
a - Sandblast             Erth           32%        2d9       3%          1

Your spell library contained the following spells:

 Spells                   Type           Power      Damage    Failure   Level
 Passwall                 Tmut/Erth      10%        N/A       9%          2
 Stone Arrow              Conj/Erth      18%        3d8       22%         3
 Petrify                  Tmut/Erth      12%        N/A       50%         4
 Lee's Rapid Deconstruct  Erth           8%         3d8*      67%         5


Dungeon Overview and Level Annotations

Branches:
Dungeon (1/15)

Altars:


Message History

Casting: Sandblast (safe; 3% risk of failure)
Confirm with . or Enter, or press ? or * to list all spells.
Aiming: Sandblast (safe; 3% risk of failure)
Press: ? - help, Shift-Dir - straight line, f - ball python
Aim: a ball python (asleep, 100% to hit)
The blast of sand hits the ball python!
You kill the ball python!
Casting: Sandblast (safe; 3% risk of failure)
Confirm with . or Enter, or press ? or * to list all spells.
You can't see any susceptible monsters within range! (Use Z to cast anyway.)
You see here a ball python corpse.
The kobold shouts!
A kobold is nearby!
A kobold is nearby!
A kobold is nearby!
The kobold throws a stone.
The stone barely misses you.
The kobold throws a stone.
The stone hits you.
The kobold hits you with a +0 whip of draining.
You feel drained.
Found a stone staircase leading down.
You barely miss the kobold.
The kobold hits you with a +0 whip of draining.
You feel drained.
You hit the kobold.
The kobold is heavily wounded.
The kobold hits you with a +0 whip of draining.
* * * LOW HITPOINT WARNING * * *
You feel drained.
Casting: Sandblast (safe; 3% risk of failure)
Confirm with . or Enter, or press ? or * to list all spells.
Aiming: Sandblast (safe; 3% risk of failure)
Press: ? - help, Shift-Dir - straight line, f - kobold
Aim: a kobold, wielding a +0 whip of draining and quivering stones (heavily wounded, 74% to hit)
You miscast Sandblast.
You are very lightly contaminated with residual magic.
Nothing appears to happen.
The kobold hits you with a +0 whip of draining.
* * * LOW HITPOINT WARNING * * *
You feel drained.
You die...

#............ .>..
#............ #....
#.###...#####
#..##.#.....#...# #
#..##.#..######.###
#...#....# #.... ...
#..## ###..
#K#.###..#######..
#@#...............
#.# ##..........†.
#.# #.............
#.###.............
#.##.......§)≈≈≈≈.
#.†.......≈≈≈§≈≈≈≈
#..##...≈≈≈≈§§§≈≈≈
#.....###....≈§≈§≈≈≈≈
#.##.## #....≈≈§≈§≈≈≈


You could see a kobold.

Vanquished Creatures
  A dart slug (D:1)
  3 bats (D:1)
  3 goblins (D:1)
  A kobold (D:1)
  3 ball pythons (D:1)
  A rat (D:1)
12 creatures vanquished.

Vanquished Creatures (others)
  A giant cockroach (D:1)
  A kobold (D:1)
  A rat (D:1)
3 creatures vanquished.

Grand Total: 15 creatures vanquished

Notes
Turn   | Place    | Note
-------+----------+-------------------------------------------
     0 | D:1      | Johnny the Deep Elf Earth Elementalist began the quest for
                  | the Orb.
     0 | D:1      | Reached XP level 1. HP: 10/10 MP: 6/6
   497 | D:1      | Reached XP level 2. HP: 16/16 MP: 8/8
   511 | D:1      | Found a faded altar of an unknown god.
   525 | D:1      | Reached skill level 1 in Fighting
   873 | D:1      | Slain by a kobold

Illustrated notes

Levels and vault maps discovered:
D:1:      dpeg_arrival_tiny_a, layout_rooms,
          ebering_ecumenical_altar_sacrificial, lemuel_old_faithful

Skill      XL: |  1  2 |
---------------+-------+-----
Fighting       | 1 |  1.1
Dodging        | |  2.4
Stealth        | |  2.4
Spellcasting   | |  3.3
Transmutations | |  1.1
Earth Magic    | |  3.5

Action                   || total
-------------------------++-------
Melee: Dagger            ||    21
       Unarmed           ||     1
 Cast: Sandblast         ||    12
 Stab: Sleeping          ||     1
Armor: Robe              ||    10
Dodge: Dodged            ||    26

Table legend: (Time is in decaauts)
 A = Elapsed time spent in this place.
 B = Non-inter-level travel time spent in this place.
 C = Inter-level travel time spent in this place.
 D = Time resting spent in this place.
 E = Time spent auto-exploring this place.
 F = Levels seen in this place.
 G = Mean time per level.
                   A        B        C        D        E       F      G
               +--------+--------+--------+--------+--------+-----+--------+
         Total |    873 |    873 |      0 |    240 |    534 |   1 |  873.0 |
       Dungeon |    873 |    873 |      0 |    240 |    534 |   1 |  873.0 |
               +--------+--------+--------+--------+--------+-----+--------+

Top non-repeatable levels by time:
     D:1: 873 daAuts
